 Dungeon Crawl Stone Soup version 0.27.0-1-g7a089689b8 (webtiles) character file.

Game seed: 17610859909863416426

52 ZARRMARR the Chopper (level 3, -1/33 HPs)
             Began as a Hill Orc Monk on Aug 10, 2021.
             Slain by an adder (2 damage)
             ... on level 2 of the Dungeon.
             The game lasted 00:04:35 (1528 turns).

ZARRMARR the Chopper (Hill Orc Monk)                Turns: 1528, Time: 00:04:36

Health: -1/33      AC:  4    Str: 14    XL:     3   Next: 85%
Magic:  3/3        EV: 12    Int: 10    God:
Gold:   75         SH:  0    Dex: 13    Spells: 2/2 levels left

rFire    . . .     SeeInvis .   a - +0 hand axe
rCold    . . .     Faith    .   (no shield)
rNeg     . . .     Spirit   .   b - +0 robe
rPois    .         Reflect  .   (no helmet)
rElec    .         Harm     .   f - +0 cloak
rCorr    .         Rampage  .   e - +0 pair of gloves
Will     .....                  (no boots)
Stlth    ++........             (no amulet)
HPRegen  0.11/turn              (no ring)
MPRegen  0.08/turn              (no ring)

@: lethally poisoned (-1 -> -7)
A: no striking features
a: no special abilities


You were on level 2 of the Dungeon.
You visited 1 branch of the dungeon, and saw 2 of its levels.

You collected 75 gold pieces.

Inventory:

Hand Weapons
 a - a +0 hand axe (weapon)
 c - a +0 club
Missiles
 d - 31 stones (quivered)
Armour
 b - a +0 robe (worn)
 e - a +0 pair of gloves (worn)
 f - a +0 cloak (worn)
Scrolls
 g - a scroll of fog {unknown}


   Skills:
 + Level 4.1 Fighting
 + Level 4.9 Axes
 + Level 0.2 Throwing
 + Level 2.8 Dodging
 + Level 1.9 Stealth


You had 2 spell levels left.
You didn't know any spells.
Your spell library contained the following spells:

 Spells                   Type           Power      Damage    Failure   Level
 Summon Small Mammal      Summ           0%         N/A       36%         1
 Call Canine Familiar     Summ           0%         N/A       75%         3
 Summon Guardian Golem    Hex/Summ       0%         N/A       75%         3


Dungeon Overview and Level Annotations

Branches:
Dungeon (2/15)

Altars:


Message History

You hit the adder.
The adder is severely wounded.
The adder barely misses you.
You barely miss the adder.
The adder is severely wounded.
The adder bites you.
You miss the adder.
The adder is severely wounded.
The adder bites you.
You are poisoned.
The adder poisons you! The adder bites you.
You miss the adder.
The adder is severely wounded.
You feel sick. The adder bites you.
You are more poisoned.
The adder poisons you!
You closely miss the adder.
The adder is severely wounded.
* * * LOW HITPOINT WARNING * * *
You feel sick. The adder closely misses you.
You closely miss the adder.
The adder is severely wounded.
* * * LOW HITPOINT WARNING * * *
You feel sick. The adder misses you. The adder bites you but does no damage.
You closely miss the adder.
The adder is severely wounded.
* * * LOW HITPOINT WARNING * * *
You feel sick. The adder closely misses you.
You closely miss the adder.
The adder is severely wounded.
* * * LOW HITPOINT WARNING * * *
You feel sick. The adder bites you.
* * * LOW HITPOINT WARNING * * *
You are more poisoned.
The adder poisons you!
You miss the adder.
The adder is severely wounded.
* * * LOW HITPOINT WARNING * * *
You feel sick. The adder barely misses you. The adder bites you.
You die...

###.)....# #+# .###
+........# #....#.
#.#.##..## #....## ..
#.#......# #....# #.. #
#..##..# #....##.. ..
#..##..# #....#.#
...###......# #.....##
#......#.#.###.S....##
#......#.#..##.@.....#.
######.#.#..##.........
###+#...##'#######
#.....†....#
#..........#
#..........#
#..........#
#..........#
#..........#


You could see an adder.

Vanquished Creatures
  An adder (D:1)
  A worm (D:2)
  A dart slug (D:1)
  7 bats
  3 endoplasms (D:1)
  3 goblins (D:1)
  5 hobgoblins
  2 quokkas
  2 ball pythons (D:1)
  2 frilled lizards (D:1)
  6 kobolds
  3 rats (D:1)
36 creatures vanquished.

Notes
Turn   | Place    | Note
-------+----------+-------------------------------------------
     0 | D:1      | ZARRMARR the Hill Orc Monk began the quest for the Orb.
     0 | D:1      | Reached XP level 1. HP: 19/19 MP: 1/1
   194 | D:1      | Reached XP level 2. HP: 15/27 MP: 2/2
   708 | D:1      | Reached XP level 3. HP: 31/33 MP: 3/3
  1528 | D:2      | HP: 1/33 [poisoned by an adder]
  1528 | D:2      | Slain by an adder

Illustrated notes

Levels and vault maps discovered:
D:1:      ncdulo_smallfort, layout_basic
D:2:      layout_basic, serial_curves, eino_curves_01, eino_curves_02,
          hex_intersection, grunt_ministairs_10, uniq_crazy_yiuf_cottage

Skill      XL: |  1  2 |
---------------+-------+-----
Fighting       | 4 |  4.1
Axes           | |  4.9
Throwing       | |  0.2
Dodging        | |  2.8
Stealth        | |  1.9

Action                   || total
-------------------------++-------
Melee: Hand axe          ||   124
Throw: Stone             ||    24
  Use: Scroll            ||     1
 Stab: Sleeping          ||     2
Armor: Robe              ||    31
Dodge: Dodged            ||    85
